 Dungeon Crawl Stone Soup version 0.18-a0-1683-gf9322e6 (webtiles) character file.

303 namelastname112 the Insei (level 6, -3/40 HPs)
             Began as a Draconian Monk on Apr 4, 2016.
             Slain by an orc (5 damage)
             ... on level 3 of the Dungeon.
             The game lasted 00:04:05 (3734 turns).

namelastname112 the Insei (Draconian Monk)          Turns: 3734, Time: 00:04:06

Health: -3/40      AC:  9    Str: 19    XL:     6   Next: 15%
Magic:  6/6        EV: 13    Int: 10    God:
Gold:   127        SH:  0    Dex: 15    Spells: 0 memorised, 5 levels left

rFire  . . .     SeeInvis .       - Unarmed
rCold  . . .     Gourm    .     (armour unavailable)
rNeg   . . .     Faith    .     (no shield)
rPois  .         Spirit   .     f - +1 hat
rElec  .         Dismiss  .     (no cloak)
rCorr  .         Reflect  .     (no gloves)
SustAt .         Harm     .     b - +0 pair of boots
MR     .....                    (no amulet)
Stlth  ++........               (no ring)
                                (no ring)

@: mighty, lethally poisoned (-3 -> -12), not resistant to hostile enchantments,
unstealthy
A: unfitting armour, frail 2, shaggy fur 1, cold-blooded, AC +6
a: no special abilities


You were on level 3 of the Dungeon.
You were not hungry.

You visited 1 branch of the dungeon, and saw 3 of its levels.
You also visited: Sewer.

You collected 127 gold pieces.

Inventory:

Armour
 b - a +0 pair of boots (worn)
 f - a +1 hat (worn)
Wands
 s - a wand of iceblast (7/15)
 t - a wand of iceblast (14/15)
Scrolls
 d - 4 scrolls of identify {unknown}
 g - a scroll of enchant armour {unknown}
 h - a scroll of noise {unknown}
 k - 3 scrolls of remove curse {unknown}
 l - 2 scrolls of fear {unknown}
 m - a scroll of teleportation {unknown}
Potions
 e - 2 potions of might
 i - 2 potions of curing
 j - 2 potions of agility {unknown}
 o - a potion of flight {unknown}
 q - 3 potions of brilliance
 r - 2 potions of heal wounds {unknown}
Comestibles
 a - a bread ration
 c - 2 meat rations
 n - a royal jelly
 p - a beef jerky


   Skills:
 - Level 3.2 Fighting
 - Level 2.6 Dodging
 - Level 1.7 Stealth
 + Level 7.5 Unarmed Combat


You had 5 spell levels left.
You didn't know any spells.

Dungeon Overview and Level Annotations

Branches:
Dungeon (3/15)

Altars:
Kikubaaqudgha
Pakellas
Qazlal
Trog
Zin
The Shining One


Innate Abilities, Weirdness & Mutations

Your plain brown scales are hard (AC +6).
Your body does not fit into most forms of armour.
You are cold-blooded and may be slowed by cold attacks.
You are very frail (-20% HP).
You are covered in fur (AC +1).


Message History

The orc priest hits you but does no damage.
The orc priest barely misses you.
You closely miss the orc priest.
The orc priest is severely wounded.
* * * LOW HITPOINT WARNING * * *
You feel sick. The orc hits you but does no damage.
The orc priest hits you but does no damage. x2
You punch the orc priest!
You kill the orc priest!
* * * LOW HITPOINT WARNING * * *
You feel sick. The orc closely misses you.
You hit the orc priest.
The orc priest is lightly wounded.
* * * LOW HITPOINT WARNING * * *
You feel sick.
The orc priest invokes the aid of Beogh against you.
Beogh smites you!
* * * LOW HITPOINT WARNING * * *
The orc hits you.
You die...

#.# #.# #.#...### #.#
#.. #.......# ####.###..
#.......# #.........
#.......# .#.........
#.......#...#.......#.
###.......#...##......#.
......o[).#...##......#.
#..@o.....#########.
#.........### #.
#...........# #.
#........##.# ###
####.######.# #..
######.### #.######..
....≈.....####.#.......
≈..≈≈≈.........#.......
...≈≈≈≈≈.......#.......


You could see an orc priest and an orc.

Vanquished Creatures
  A big kobold (Sewer)
  An orc priest (D:3)
  4 adders
  7 river rats (Sewer)
  A worm (D:2)
  3 dart slugs
  6 orcs (D:3)
  6 ball pythons
  4 bats
  2 giant cockroaches
  8 goblins
  6 hobgoblins
  21 kobolds
  A quokka (D:3)
  5 giant newts
  A jackal skeleton (D:3)
  22 rats
  2 rat zombies (D:3)
101 creatures vanquished.

Notes
Turn   | Place    | Note
--------------------------------------------------------------
     0 | D:1      | namelastname112 the Draconian Monk began the quest for the Orb.
     0 | D:1      | Reached XP level 1. HP: 19/19 MP: 1/1
   247 | D:1      | Reached XP level 2. HP: 26/26 MP: 2/2
   917 | D:2      | Reached skill level 5 in Unarmed Combat
   917 | D:2      | Reached XP level 3. HP: 29/31 MP: 3/3
  1016 | D:2      | Found an oddly glowing altar of Pakellas.
  1039 | D:2      | Found a bloodstained altar of Trog.
  1260 | D:2      | Found a glowing golden altar of the Shining One.
  1797 | D:3      | Found a glowing silver altar of Zin.
  1830 | D:3      | Found a glowing drain.
  1838 | Sewer    | Entered a sewer
  1876 | Sewer    | Reached XP level 4. HP: 28/38 MP: 4/4
  2210 | Sewer    | Noticed a big kobold
  2233 | Sewer    | Gained mutation: You are covered in fur (AC +1). [potion of mutation]
  2233 | Sewer    | Gained mutation: You are frail (-10% HP). [potion of mutation]
  2233 | Sewer    | Gained mutation: You are very frail (-20% HP). [potion of mutation]
  2241 | Sewer    | Killed a big kobold
  2241 | Sewer    | Reached skill level 6 in Unarmed Combat
  2241 | Sewer    | Reached XP level 5. HP: 10/36 MP: 5/5
  2715 | Sewer    | Reached skill level 7 in Unarmed Combat
  3387 | D:3      | Reached XP level 6. HP: 40/40 MP: 6/6
  3549 | D:3      | Found an ancient bone altar of Kikubaaqudgha.
  3588 | D:3      | Found a stormy altar of Qazlal.
  3734 | D:3      | HP: 2/40 [orc priest/divine providence (8)]
  3734 | D:3      | Slain by an orc

Vault maps used:
D:1:      elethiomel_arrival_maze
D:2:      nicolae_overflow_hidden_temple, lemuel_round_altar, marbit_many_paths
D:3:      kennysheep_six_static_rooms, nicolae_qazlal_general_emergency,
          zin_academy, lemuel_zombie_altar_kikubaaqudgha,
          lightli_sewer_entry_pipes
Sewer:    sewer_minmay_treatment

Skill      XL: |  1  2  3  4  5 |
---------------+----------------+-----
Unarmed Combat | 5 6 7 |  7.5
Fighting       | |  3.2
Dodging        | |  2.6
Stealth        | |  1.7

Action                   |  1- 3 |  4- 6 || total
-------------------------+-------+-------++-------
Melee: Unarmed           |   101 |   210 ||   311
  Use: Potion            |       |     5 ||     5
 Stab: Sleeping          |       |     3 ||     3
  Eat: Chunk             |     3 |     6 ||     9
